 Dungeon Crawl Stone Soup version 0.32-a0-350-g4f4d228785 (webtiles) character file.

Game seed: 14685895978541339301

90705 StreetWraith the Thaumaturge (level 15, -12/80 HPs)
             Began as a Spriggan Summoner on Feb 17, 2024.
             Was the Champion of Kikubaaqudgha.
             Killed from afar by a deep elf pyromancer (37 damage)
             ... with a bolt of fire
             ... on level 13 of the Dungeon.
             The game lasted 00:55:09 (28278 turns).

StreetWraith the Thaumaturge (Spriggan Summoner)   Turns: 28278, Time: 00:55:09

Health: -12/80     AC:  8    Str:  4    XL:     15   Next: 52%
Magic:  18/34      EV: 24    Int: 23    God:    Kikubaaqudgha [******]
Gold:   2931       SH:  0    Dex: 19    Spells: 7/42 levels left

rFire   . . .        G - +9 hammer of Nuruig {flame, *Rage rC+ Dex+2}
rCold   + + +        (no shield)
rNeg    . . .        e - +4 skin of Zhor {*Englaciate rC+++ SInv}
rPois   +            (helmet restricted)
rElec   .            w - +1 cloak
rCorr   .            (gloves unavailable)
SInv    +            (boots unavailable)
Will    ++...        Y - amulet of regeneration
Stlth   ++           D - ring of poison resistance
HPRegen 1.13/turn    R - ring of wizardry
MPRegen 0.24/turn

%: random rage (20%), wizardry (x1)
@: on fire, glowing, very quick
A: very small, no large weapons, unfitting armour, see invisible, speed 3
a: Renounce Religion, Unearth Wretches, Torment, Brand Weapon With Pain, Receive
Forbidden Knowledge


You were on level 13 of the Dungeon.
You worshipped Kikubaaqudgha.
Kikubaaqudgha was exalted by your worship.
You visited 4 branches of the dungeon, and saw 21 of its levels.

You collected 3141 gold pieces.
You spent 210 gold pieces at shops.

Inventory:

Hand Weapons
 G - the +9 hammer of Nuruig (weapon) {flame, *Rage rC+ Dex+2}
   (You found it on level 3 of the Dungeon)

   Dex+2:     It affects your dexterity (+2).
   rC+:       It protects you from cold.
   *Rage:     It berserks you when you make melee attacks (+20% chance).
 P - a -1 demon whip of venom
Armour
 e - the +4 skin of Zhor (worn) {*Englaciate rC+++ SInv}
   (You acquired it on level 10 of the Dungeon)

   *Englaciate: It radiates cold, occasionally slowing all nearby creatures who
   are not resistant to cold.
   rC+++:     It renders you almost immune to cold.
   SInv:      It lets you see invisible.
 u - an orb of energy
 w - a +1 cloak (worn)
 I - +0 steam dragon scales
 N - quicksilver dragon scales
 T - a +2 troll leather armour {Snorg}
Magical Staves
 r - a staff of death {rN+ !a}
Jewellery
 o - a +6 ring of strength
 D - a ring of poison resistance (left hand)
 L - a ring of positive energy
 R - a ring of wizardry (right hand)
 S - a +6 ring of dexterity
 Y - an amulet of regeneration (around neck)
 Z - a ring of ice
Wands
 c - a wand of quicksilver (11)
 v - a wand of digging (7)
 y - a wand of flame (60)
 O - a wand of mindburst (42)
 Q - a wand of paralysis (5)
Scrolls
 d - a scroll of enchant armour
 f - 6 scrolls of enchant weapon
 g - 5 scrolls of fog {@r2}
 h - 3 scrolls of vulnerability {!r}
 i - 4 scrolls of noise
 k - 2 scrolls of poison
 l - a scroll of revelation {@r5}
 q - a scroll of torment
 s - a scroll of blinking {@r4}
 t - 3 scrolls of immolation
 x - 5 scrolls of teleportation {@r3}
 C - 2 scrolls of silence {!r}
 E - a scroll of brand weapon
 U - a scroll of amnesia
 X - a scroll of fear
Potions
 a - a potion of ambrosia
 b - 2 potions of magic
 j - 3 potions of brilliance
 m - 2 potions of cancellation
 n - a potion of resistance
 p - 4 potions of haste {@q5}
 z - 4 potions of enlightenment
 A - 3 potions of berserk rage
 B - 6 potions of might {@q3}
 F - a potion of invisibility {unknown}
 H - 2 potions of lignification
 J - a potion of heal wounds {unknown}
 K - a potion of degeneration {unknown}
 M - 6 potions of curing {@q2}
 W - a potion of mutation


   Skills:
 - Level 10.0 Fighting
 - Level 10.0 Dodging
 - Level 10.0 Stealth
 - Level 14.0 Spellcasting
 - Level 11.0 Summonings
 + Level 12.4 Necromancy
 - Level 5.0 Air Magic
 - Level 6.0 Earth Magic
 - Level 8.0 Alchemy


You had 7 spell levels left.
You knew the following spells:

 Your Spells              Type           Power      Damage    Failure   Level
a - Martyr's Knell        Necr/Summ      63%        N/A       1%          4
b - Anguish               Hex/Necr       22%        N/A       1%          4
c - Call Canine Familiar  Summ           61%        N/A       1%          3
d - Animate Dead          Necr           65%        N/A       1%          4
l - Summon Lightning Spi  Summ/Air       52%        N/A       1%          4
o - Olgreb's Toxic Radia  Alch           52%        N/A       1%          4
s - Summon Small Mammal   Summ           100%       N/A       1%          1
v - Borgnjor's Vile Clut  Necr/Erth      27%        N/A       1%          5
D - Death Channel         Necr           32%        N/A       1%          6

Your spell library contained the following spells:

 Spells                   Type           Power      Damage    Failure   Level
 Necrotise                Necr           100%       1d9       0%          1
 Apportation              Tloc           32%        N/A       1%          1
 Freeze                   Ice            64%        1d7       1%          1
 Sandblast                Erth           86%        2d18      1%          1
 Sting                    Conj/Alch      100%       1d9       1%          1
 Call Imp                 Summ           100%       N/A       1%          2
 Cigotuvi's Dreadful Rot  Necr/Alch/Air  100%       N/A       1%          2
 Mercury Vapours          Alch/Air       92%        N/A       1%          2
 Static Discharge         Conj/Air       54%        3-6/arc   1%          2
 Sublimation of Blood     Necr           65%        N/A       1%          2
 Fugue of the Fallen      Necr           65%        N/A       1%          3
 Passwall                 Erth           43%        N/A       1%          3
 Stone Arrow              Conj/Erth      58%        3d10      1%          3
 Summon Ice Beast         Ice/Summ       41%        N/A       1%          3
 Vampiric Draining        Necr           65%        2d10      1%          3
 Airstrike                Air            19%        2d(3-19)  1%          4
 Dispel Undead            Necr           65%        3d22      1%          4
 Summon Blazeheart Golem  Fire/Summ      41%        N/A       1%          4
 Curse of Agony           Necr           65%        N/A       1%          5
 Ensorcelled Hibernation  Hex/Ice        32%        N/A       2%          2
 Frozen Ramparts          Ice            32%        1d5       4%          3
 Gell's Gravitas          Tloc           16%        N/A       4%          3
 Hailstorm                Conj/Ice       16%        3d6       4%          3
 Teleport Other           Tloc           16%        N/A       4%          3
 Brom's Barrelling Bould  Conj/Erth      29%        2d5       4%          4
 Summon Mana Viper        Hex/Summ       41%        N/A       4%          5
 Vhi's Electric Charge    Tloc/Air       54%        N/A       5%          4
 Monstrous Menagerie      Summ           30%        N/A       14%         7
 Arcjolt                  Conj/Air       13%        1d23      16%         5
 Iskenderun's Battlesphe  Conj           16%        2d7       38%         5
 Sculpt Simulacrum        Ice/Alch       17%        N/A       38%         6
 Bombard                  Conj/Erth      14%        9d3       52%         6
 Spellforged Servitor     Conj/Summ      20%        N/A       75%         7
 Dispersal                Tloc           8%         N/A       89%         6
 Maxwell's Capacitive Co  Air            19%        āˆž       100%        8
 Chain Lightning          Conj/Air       13%        3d18      100%        9


Dungeon Overview and Level Annotations

Branches:
Dungeon (13/15)            Temple (1/1) D:7            Lair (5/5) D:11
 Shoals (0/4) Lair:3       Spider (0/4) Lair:3        Slime (0/5) Lair:5
    Orc (2/2) D:12            Elf (0/3) Orc:2        Vaults (0/5) D:13

Altars:
Ashenzari
Cheibriados
Dithmenos
Elyvilon
Fedhas
Gozag
Hepliaklqana
Kikubaaqudgha
Makhleb
Nemelex Xobeh
Okawaru
Qazlal
Ru
Sif Muna
Trog
Uskayaw
Vehumet
Wu Jian
Xom
Yredelemnul
Zin
The Shining One
Beogh
Jiyva

Shops:
D:4 *   D:8 [   D:11 [   Orc:1 =   Orc:2 =?[![

Portals:
Pandemonium: Orc:2

Annotations:
D:7 ignis


Innate Abilities, Weirdness & Mutations

You are very small and have problems with some larger weapons.
You are too small for most types of armour.
You have supernaturally acute eyesight. (SInv)
You cover ground extremely quickly. (Speed+++)


Message History

Kikubaaqudgha accepts your kill. The slime creature closely misses you.
Unknown command.
The slime creature misses you.
The slime creature completely misses you.
Casting: Anguish (mildly dangerous; 1% risk of failure)
Confirm with . or Enter, or press ? or * to list all spells.
Aiming: Borgnjor's Vile Clutch (dangerous; 1% risk of failure)
Press: ? - help, Shift-Dir - straight line, f - deep elf pyromancer
Aim: a deep elf pyromancer, wielding a +0 short sword (slow, anguished, 100% to hit)
Zombie hands grab the deep elf pyromancer.
The zombie hands constrict the deep elf pyromancer.
The slime creature hits you!
The deep elf pyromancer casts a spell at you.
The pyre arrow hits you.
You are covered in intense liquid fire!
The liquid fire burns you!
The zombie hands constrict the deep elf pyromancer.
The slime creature closely misses you.
Your lightning spire shoots out a bolt of lightning at the slime creature!
The bolt of electricity hits the slime creature!
The deep elf pyromancer struggles to escape constriction.
The liquid fire burns you!
The zombie hands constrict the deep elf pyromancer!
The slime creature hits you but does no damage.
Your lightning spire shoots out a bolt of lightning at the slime creature!
The bolt of electricity hits the slime creature!
You are too injured to fight recklessly!
You hit the slime creature. You burn the slime creature.
The slime creature is heavily wounded.
The liquid fire burns you!
* * * LOW HITPOINT WARNING * * *
The zombie hands constrict the deep elf pyromancer!
The deep elf pyromancer is no longer moving slowly.
The zombie hands release their grip on the deep elf pyromancer.
The slime creature completely misses you.
The deep elf pyromancer points at you and mumbles some strange words.
The bolt of fire hits you!!!
You die...
Kikubaaqudgha rasps: You have failed me!
Welcome... death!

#####################
....................#
..............ZZ....#
##################..#
#. #J@#..# ###..
#[[#..#
....Jā—‹#eI#..#
......'.$#..#
......#..#..#
##################..#
....................#
....................#
##################..#


You could see a slime creature (ally target), a deep elf pyromancer (anguished)
and a friendly lightning spire (summoned).

Vanquished Creatures
  Donald (Orc:2)
  Kirke (D:12)
  Josephine (D:10)
  Snorg (D:10)
  Fannar (Orc:1)
  3 hydras
  A demonspawn (Orc:2)
  A death knight (D:10)
  3 boulder beetles
  5 two-headed ogres
  A tengu warrior (D:13)
  3 death yaks (Lair:1)
  5 orc high priests (Orc:2)
  A skyshark (Lair:2)
  6 orc knights
  2 deep elf pyromancers (D:13)
  3 cyclopes
  An ugly thing (D:11)
  2 orc sorcerers (Orc:2)
  2 meliai (D:13)
  A black mamba (Lair:4)
  4 manticores
  A rust devil (Orc:2)
  3 elephants
  2 gargoyles
  Jeremiah (D:8)
  An orange demon (D:8)
  Maggie (D:7)
  6 cane toads
  An unseen horror (D:13)
  8 komodo dragons
  A rime drake (Lair:1)
  2 tengu conjurers
  5 trolls
  A tarantella (shapeshifter) (D:13)
  2 tyrant leeches (Lair:5)
  Grinder (D:5)
  12 blink frogs
  A snapping turtle (Lair:3)
  3 slime creatures (D:12)
  A shadow (D:7)
  3 vampires
  21 yaks
  A fire elemental (D:12)
  A water elemental (Lair:3)
  2 hogs (D:12)
  3 wyverns
  A wraith (D:7)
  A warg (Orc:1)
  3 humans (D:12)
  A steam dragon (D:8)
  A neqoxec (Orc:2)
  2 vampire mosquitoes
  2 acid dragons
  5 water moccasins
  12 orc warriors
  An ice beast (D:7)
  2 black bears (D:11)
  3 sky beasts (D:7)
  4 centaurs
  2 ogres
  7 wolves
  3 phantoms
  A kobold brigand (D:7)
  9 bullfrogs
  A gnoll sergeant (D:7)
  A scorpion (D:5)
  10 wights
  Dowan (D:4)
  10 killer bees
  7 howler monkeys
  An electric eel (D:12)
  7 hounds
  A jelly (D:5)
  5 orc priests
  2 gnoll boudas (D:5)
  Jessica (D:2)
  7 iguanas
  A sleepcap (D:7)
  16 orc wizards
  5 hell rats (Lair:5)
  A troll simulacrum (D:12)
  8 adders
  9 gnolls
  2 shadow imps
  A white imp (D:7)
  2 ufetubi (D:6)
  2 ribbon worms
  56 orcs
  3 endoplasms
  7 giant cockroaches
  2 goblins
  4 hobgoblins
  3 jackals
  2 quokkas
  7 ball pythons
  3 bats (D:2)
  A frilled lizard (D:2)
  4 kobolds
  5 rats
391 creatures vanquished.

Vanquished Creatures (collateral kills)
  An ironbound preserver (D:13)
  Azrael (D:12)
  4 hydras
  A catoblepas (D:13)
  An ogre mage (D:13)
  A centaur warrior (D:13)
  A death knight (D:13)
  A boulder beetle (Lair:5)
  2 two-headed ogres
  3 death yaks (Lair:1)
  4 orc high priests (Orc:2)
  A soul eater (Orc:2)
  Amaemon (D:8)
  3 skysharks (Lair:5)
  A skeletal warrior (D:13)
  A deep elf pyromancer (D:13)
  2 manticores
  An orc sorcerer (Orc:2)
  A cyclops (D:13)
  7 elephants
  Joseph (Lair:1)
  2 black mambas
  A meliai (D:13)
  A gargoyle (D:13)
  14 cane toads
  3 rime drakes
  4 komodo dragons
  An ice devil (Orc:2)
  A troll (Orc:2)
  A polar bear (Lair:2)
  10 blink frogs
  5 slime creatures
  3 water elementals (D:12)
  A shadow (D:12)
  7 wraiths
  Sigmund (D:4)
  4 fire elementals (D:11)
  6 yaks
  A steam dragon (Lair:1)
  2 basilisks
  A human (D:12)
  A warg (Orc:1)
  A hog (D:12)
  9 vampire mosquitoes
  A chaos spawn (Orc:2)
  An acid dragon (D:11)
  Duvessa (D:4)
  6 water moccasins
  8 orc warriors
  An ogre (Orc:1)
  8 wolves
  2 centaurs
  A phantom (D:4)
  A kobold brigand (D:9)
  12 bullfrogs
  2 two-headed ogre simulacra (D:12)
  A cane toad simulacrum (D:12)
  A killer bee (D:9)
  8 wights
  An electric eel (D:12)
  4 howler monkeys
  Crazy Yiuf (D:3)
  A jelly (D:7)
  4 orc priests (Orc:2)
  A sleepcap (D:5)
  6 orc wizards
  2 spriggan simulacra (D:12)
  A hell rat (Lair:5)
  A wolf simulacrum (D:12)
  2 human simulacra (D:9)
  3 adders
  A naga simulacrum (D:12)
  A ribbon worm (D:2)
  2 dart slugs
  14 orcs
  A bat (D:2)
  2 endoplasms
  2 giant cockroaches
  2 goblins (D:1)
  3 hobgoblins
  3 jackals
  5 kobolds
  3 quokkas
  3 ball pythons
  2 rats
244 creatures vanquished.

Vanquished Creatures (others)
  A centaur warrior (D:12)
  An orc knight (Orc:2)
  A cyclops (D:12)
  A centaur zombie (D:13)
  A vampire (D:12)
  A slime creature zombie (D:12)
  An ogre zombie (D:13)
  3 cane toad zombies
  3 orc warriors (Orc:2)
  2 elephant zombies (Lair:5)
  An elf zombie (D:13)
  3 blink frog zombies (Lair:5)
  A water moccasin zombie (Lair:5)
  A tengu zombie (D:13)
  A yak zombie (Lair:4)
  2 wolf zombies (Lair:4)
  3 bullfrog zombies (Lair:5)
  An orc priest (Orc:2)
  An orc wizard (D:12)
  A hell rat zombie (Lair:5)
  3 howler monkey zombies (D:13)
  27 orc zombies
  A rat (D:3)
61 creatures vanquished.

Grand Total: 696 creatures vanquished

Notes
Turn   | Place    | Note
-------+----------+-------------------------------------------
     0 | D:1      | StreetWraith the Spriggan Summoner began the quest for the
                  | Orb.
     0 | D:1      | Reached XP level 1. HP: 9/9 MP: 5/5
   204 | D:1      | Reached XP level 2. HP: 13/13 MP: 3/6
   841 | D:2      | Reached XP level 3. HP: 16/16 MP: 6/8
   845 | D:2      | Learned a level 3 spell: Call Canine Familiar
  1162 | D:2      | Reached XP level 4. HP: 21/21 MP: 2/9
  1630 | D:2      | Reached skill level 5 in Summonings
  1788 | D:2      | Reached skill level 1 in Alchemy
  1868 | D:2      | Noticed Jessica
  1870 | D:2      | Killed Jessica
  1871 | D:2      | Reached XP level 5. HP: 24/24 MP: 10/10
  2743 | D:3      | Identified the +9 hammer of Nuruig {flame, *Rage rC+ Dex+2}
  2749 | D:3      | Found a runed translucent door.
  2750 | D:3      | Noticed Crazy Yiuf
  2905 | D:3      | Killed Crazy Yiuf
  3028 | D:4      | Noticed Duvessa
  3029 | D:4      | Noticed Dowan
  3040 | D:4      | Killed Duvessa
  3041 | D:4      | Reached skill level 5 in Alchemy
  3041 | D:4      | Reached XP level 6. HP: 9/28 MP: 6/11
  3043 | D:4      | Killed Dowan
  3142 | D:4      | Found an opulent altar of Gozag.
  3183 | D:4      | Found Gozag's Platinum Reserve.
  3213 | D:4      | Noticed Sigmund
  3226 | D:4      | Killed Sigmund
  3227 | D:4      | Reached XP level 7. HP: 22/32 MP: 7/12
  3442 | D:4      | Found a snail-covered altar of Cheibriados.
  3888 | D:4      | Learned a level 4 spell: Olgreb's Toxic Radiance
  3900 | D:5      | Entered Level 5 of the Dungeon
  3951 | D:5      | Reached skill level 3 in Spellcasting
  3962 | D:5      | Reached skill level 1 in Fighting
  3979 | D:5      | Reached XP level 8. HP: 33/37 MP: 4/14
  4072 | D:5      | Found a white marble altar of Elyvilon.
  4097 | D:5      | Reached skill level 4 in Spellcasting
  4162 | D:5      | Noticed Grinder
  4167 | D:5      | Killed Grinder
  4168 | D:5      | Reached skill level 5 in Spellcasting
  4328 | D:5      | Found a blossoming altar of Fedhas.
  4437 | D:5      | Got Zoidyschu's Compilation of Grit
  4518 | D:5      | Reached skill level 6 in Spellcasting
  5399 | D:6      | Reached skill level 5 in Fighting
  5672 | D:6      | Identified the +5 plate armour of Apathy {Str+4}
  5976 | D:7      | Noticed Maggie
  5997 | D:7      | Killed Maggie
  5998 | D:7      | Reached XP level 9. HP: 48/48 MP: 0/19
  6176 | D:7      | Found a shadowy altar of Dithmenos.
  6232 | D:7      | Found a staircase to the Ecumenical Temple.
  6249 | Temple   | Entered the Ecumenical Temple
  6349 | Temple   | Became a worshipper of Kikubaaqudgha
  6396 | D:7      | Noticed a two-headed ogre
  6420 | D:7      | Killed a two-headed ogre
  6724 | D:7      | Found a faded altar of an unknown god.
  6724 | D:7      | Found a faded altar of an unknown god.
  6728 | D:7      | Found a hazy altar of Hepliaklqana.
  6899 | D:7      | Found a hide-covered altar of Uskayaw.
  7066 | D:7      | Noticed a cyclops
  7066 | D:7      | Noticed a two-headed ogre
  7066 | D:7      | Noticed a two-headed ogre
  7066 | D:7      | Noticed a gargoyle
  7066 | D:7      | Noticed a boulder beetle
  7081 | D:7      | Killed a cyclops
  7082 | D:7      | Reached XP level 10. HP: 53/53 MP: 9/20
  7107 | D:7      | Killed a two-headed ogre
  7108 | D:7      | Reached skill level 1 in Air Magic
  7292 | D:7      | Killed a gargoyle
  7333 | D:7      | Killed a boulder beetle
  7458 | D:7      | Reached skill level 7 in Spellcasting
  8043 | D:7      | Killed a two-headed ogre
  8169 | D:7      | Got the Dissertation on Feathers and Bodies
  8236 | D:7      | Identified a scroll of acquirement
  8263 | D:8      | Reached skill level 10 in Stealth
  8306 | D:8      | Found a glowing silver altar of Zin.
  8309 | D:8      | Reached * piety under Kikubaaqudgha
  8309 | D:8      | Received a gift from Kikubaaqudgha
  8510 | D:8      | Noticed Jeremiah
  8521 | D:8      | Killed Jeremiah
  8774 | D:8      | Learned a level 4 spell: Summon Lightning Spire
  8807 | D:8      | Found a broken altar of Ashenzari.
  8812 | D:8      | Found a basalt altar of Yredelemnul.
  8900 | D:8      | Reached XP level 11. HP: 56/56 MP: 16/23
  9549 | D:8      | Reached skill level 8 in Spellcasting
  9632 | D:8      | Found Zudoed's Antique Armour Emporium.
  9652 | D:8      | Noticed Amaemon
  9665 | D:8      | Killed Amaemon
  9666 | D:8      | Reached skill level 10 in Dodging
 10441 | D:9      | Reached ** piety under Kikubaaqudgha
 10445 | D:9      | Reached skill level 5 in Air Magic
 10678 | D:9      | Found an ornate altar of the Wu Jian Council.
 10762 | D:9      | Reached skill level 9 in Spellcasting
 11222 | D:10     | Entered Level 10 of the Dungeon
 11257 | D:10     | Noticed Josephine
 11267 | D:10     | Killed Josephine
 11304 | D:10     | Reached skill level 10 in Spellcasting
 11700 | D:10     | Noticed Snorg
 11717 | D:10     | Killed Snorg
 12146 | D:10     | Noticed a death knight
 12162 | D:10     | Killed a death knight
 12322 | D:10     | Reached skill level 11 in Spellcasting
 12335 | D:10     | Reached XP level 12. HP: 23/61 MP: 13/28
 12600 | D:10     | Noticed a two-headed ogre
 12620 | D:10     | Killed a two-headed ogre
 12792 | D:10     | Reached *** piety under Kikubaaqudgha
 12792 | D:10     | Received a gift from Kikubaaqudgha
 13035 | D:10     | Acquired 1179 gold pieces
 13036 | D:10     | Acquired the +4 skin of Zhor {*Englaciate rC+++ SInv}
 13036 | D:10     | Found the +4 skin of Zhor {*Englaciate rC+++ SInv}
 13216 | D:11     | Found a staircase to the Lair.
 13263 | D:11     | Noticed a six-headed hydra
 13273 | D:11     | Killed a six-headed hydra
 13307 | D:11     | Noticed a two-headed ogre
 13322 | D:11     | Reached skill level 12 in Spellcasting
 13323 | D:11     | Killed a two-headed ogre
 13610 | D:11     | Found Lylei's Armour Shoppe.
 13887 | D:11     | Found a glowing silver altar of Zin.
 13887 | D:11     | Noticed an angel
 14028 | D:12     | Noticed Kirke
 14039 | D:12     | Noticed a two-headed ogre
 14040 | D:12     | Killed Kirke
 14179 | D:12     | Noticed Azrael
 14196 | D:12     | Killed a two-headed ogre
 14199 | D:12     | Reached skill level 13 in Spellcasting
 14225 | D:12     | Found a frozen archway.
 14230 | D:12     | Noticed a two-headed ogre
 14255 | D:12     | Killed a two-headed ogre
 14531 | Lair:1   | Entered Level 1 of the Lair of Beasts
 14569 | Lair:1   | Reached skill level 10 in Summonings
 14572 | Lair:1   | Reached **** piety under Kikubaaqudgha
 15221 | Lair:1   | Reached skill level 14 in Spellcasting
 15458 | Lair:1   | Noticed a death yak
 15459 | Lair:1   | Noticed a death yak
 15459 | Lair:1   | Noticed a death yak
 15460 | Lair:1   | Noticed a death yak
 15461 | Lair:1   | Noticed a death yak
 15469 | Lair:1   | Killed a death yak
 15469 | Lair:1   | Noticed a death yak
 15469 | Lair:1   | Killed a death yak
 15470 | Lair:1   | Reached XP level 13. HP: 65/65 MP: 21/32
 15500 | Lair:1   | Reached skill level 1 in Necromancy
 15805 | Lair:1   | Noticed Joseph
 15818 | Lair:1   | Killed Joseph
 16274 | Lair:2   | Reached skill level 1 in Earth Magic
 17190 | Lair:2   | Identified the +3 leather armour of Happy Babbling {rN+
                  | rCorr Str+2 Int+3}
 17633 | Lair:2   | Learned a level 4 spell: Martyr's Knell
 17638 | Lair:2   | Learned a level 4 spell: Animate Dead
 17643 | Lair:2   | Learned a level 4 spell: Anguish
 17649 | Lair:2   | Learned a level 5 spell: Borgnjor's Vile Clutch
 17656 | Lair:2   | Learned a level 6 spell: Death Channel
 17669 | Lair:3   | Reached ***** piety under Kikubaaqudgha
 17834 | Lair:3   | Found a hole to the Spider Nest.
 18201 | Lair:3   | Found a staircase to the Shoals.
 18281 | Lair:4   | You fall into a shaft and drop 1 floor!
 18281 | Lair:5   | Entered Level 5 of the Lair of Beasts
 18437 | Lair:5   | Reached skill level 5 in Necromancy
 18539 | Lair:5   | Reached XP level 14. HP: 32/73 MP: 8/33
 18553 | Lair:5   | Reached skill level 5 in Earth Magic
 18821 | Lair:5   | Found a staircase to the Slime Pits.
 18821 | Lair:5   | Found a viscous altar of Jiyva.
 20006 | Lair:4   | Identified the +5 scale mail of Wasted Space {rPois Regen+
                  | Dex+3}
 20868 | Lair:5   | Identified the +7 mace of the Arena {holy, rCorr}
 21764 | D:12     | Killed Azrael
 22055 | D:12     | Found a staircase to the Orcish Mines.
 22652 | Orc:1    | Entered Level 1 of the Orcish Mines
 22652 | Orc:1    | Noticed Fannar
 22661 | Orc:1    | Killed Fannar
 22991 | Orc:1    | Found a roughly hewn altar of Beogh.
 23074 | Orc:1    | Found Faalyph's Jewellery Boutique.
 23537 | Orc:2    | Entered Level 2 of the Orcish Mines
 23539 | Orc:2    | Noticed Donald
 23547 | Orc:2    | Killed Donald
 23553 | Orc:2    | Found a staircase to the Elven Halls.
 23581 | Orc:2    | Found Zowyo's Armour Shop.
 23590 | Orc:2    | Reached ****** piety under Kikubaaqudgha
 23770 | Orc:2    | Reached skill level 10 in Fighting
 24064 | Orc:2    | Found Pukuuri's Distillery.
 24068 | Orc:2    | Found Tidgh's Magic Scroll Shop.
 24438 | Orc:2    | Bought a scroll of enchant armour for 105 gold pieces
 24438 | Orc:2    | Bought a scroll of revelation for 105 gold pieces
 24488 | Orc:2    | Reached XP level 15. HP: 39/80 MP: 5/34
 24870 | Orc:2    | Reached skill level 10 in Necromancy
 25256 | Orc:2    | Found Hum Gir's Jewellery Emporium.
 25256 | Orc:2    | Found Ceodunum's Antique Armour Shoppe.
 25257 | Orc:2    | Found a one-way gate leading to the halls of Pandemonium.
 26282 | D:13     | Found a gate to the Vaults.
 28278 | D:13     | Killed from afar by a deep elf pyromancer

Illustrated notes

Levels and vault maps discovered:
D:1:      spicycebolla_arrival_risky_transporter, layout_basic, minmay_cupped
D:2:      layout_loops_cross, nrook_mini_vaults, dk_noncrumbling_4,
          kennysheep_generic_room_10, uniq_jessica
D:3:      layout_basic, nrook_uturn, minmay_misc_feat_secret_circle,
          uniq_crazy_yiuf_cottage
D:4:      layout_basic, nicolae_gozag_zags_fifth_avenue, amcnicky_altar_gilded,
          minmay_close_crescents, uniq_duvessa, uniq_sigmund
D:5:      layout_basic, elyvilon_altar_5, fedhas_ov_isle_minmay, corexii_shack,
          uniq_grinder
D:6:      layout_loops_ring, kennysheep_cross_room
D:7:      minmay_the_grid_triangle_9x9_rhombus_thin
          [minmay_the_grid_triangle_9x9_dagger,
          minmay_the_grid_triangle_9x9_prize_top_heavy,
          minmay_the_grid_triangle_9x9_checkered,
          minmay_the_grid_triangle_9x9_stretched_checkered], layout_basic,
          grunt_dithmenos_smoke_and_mirrors, mainiacjoe_overflow_tiny_flanked,
          nicolae_hepliaklqana_ecumenical_no_more, minmay_temple_entry_hall,
          kennysheep_generic_room_5, uniq_maggie
D:8:      layout_cave_pods, chequers_temple_overflow_statue_of_worship,
          mainiacjoe_overflow_cross_hatched, serial_shops, shop,
          kennysheep_small_square, uniq_amaemon, uniq_jeremiah
D:9:      layout_grid_maze, mainiacjoe_overflow_brackets, bh_circular_ruins
D:10:     wad_arrow_thing, layout_basic, uniq_snorg, uniq_josephine
D:11:     layout_long_grid, david_lair_generic, serial_shops,
          nicolae_take_the_stairs, zin_angel
D:12:     layout_basic, orc_0_dummy, serial_corexii_hall,
          corexii_hall_statues_x, chequers_hall_statues_y,
          chequers_hall_statues_y, corexii_hall_statues_s,
          portal_ice_cave_entry_ice_simulacra, uniq_azrael, uniq_kirke
D:13:     minmay_isolated_rectangles_in_corner, layout_layer_cave,
          skrybe_vaults_entry_preservation
Temple:   bh_familiar_temple
Lair:1:   layout_small_grid, lemuel_fruit_tree, grunt_megastairs_2, uniq_joseph
Lair:2:   layout_big_grid
Lair:3:   layout_gridlike, minmay_shoals_entry_hut, spider_nest_entry_web_field
Lair:4:   layout_loops_ring
Lair:5:   minmay_lair_end_frog_pond, layout_loops_ring, slime_entry_1
Orc:1:    layout_caves, serial_shops, nicolae_shop_gibbet_a_chance,
          mines1_david, uniq_fannar
Orc:2:    pf_orc_diabolical, layout_caves, serial_shops, shop, uniq_donald

Skill      XL: |  1  2  3  4  5  6  7  8  9 10 11 12 13 14 15 |
---------------+----------------------------------------------+-----
Summonings     | 4 5 6 8 10 11 | 11.0
Alchemy        | 2 5 7 8 |  8.0
Spellcasting   | 3 6 7 11 14 | 14.0
Fighting       | 1 6 8 10 | 10.0
Dodging        | 8 9 10 | 10.0
Stealth        | 8 10 | 10.0
Air Magic      | 3 5 |  5.0
Necromancy     | 5 9 12 | 12.4
Earth Magic    | 4 6 |  6.0

Action                     |  1- 3 |  4- 6 |  7- 9 | 10-12 | 13-15 || total
---------------------------+-------+-------+-------+-------+-------++-------
  Melee: Unarmed           |    32 |    15 |       |       |       ||    47
         Punch             |     1 |       |       |       |       ||     1
         Dagger            |       |    89 |       |       |       ||    89
         Flail             |       |     6 |       |       |       ||     6
         Mace              |       |    21 |   135 |   164 |   264 ||   584
   Cast: Summon Small Mamm |    35 |    35 |    22 |    29 |     8 ||   129
         Call Canine Famil |     3 |    14 |    14 |    24 |     6 ||    61
         Olgreb's Toxic Ra |       |       |    29 |   110 |   167 ||   306
         Summon Lightning  |       |       |       |    63 |    78 ||   141
         Martyr's Knell    |       |       |       |       |    35 ||    35
         Animate Dead      |       |       |       |       |    20 ||    20
         Death Channel     |       |       |       |       |    13 ||    13
         Borgnjor's Vile C |       |       |       |       |    43 ||    43
         Anguish           |       |       |       |       |     2 ||     2
 Invoke: Unearth Wretches  |       |       |       |       |     1 ||     1
  Evoke: Wand              |       |       |     8 |    10 |     6 ||    24
    Use: Scroll            |       |       |       |    22 |     9 ||    31
         Potion            |       |       |       |       |     6 ||     6
   Stab: Sleeping          |     1 |     3 |    11 |     2 |     1 ||    18
         Distracted        |       |     1 |       |     8 |    13 ||    22
         Paralysed         |       |       |       |       |     1 ||     1
 Armour: Robe              |     7 |    56 |    52 |       |       ||   115
         Steam dragon scal |       |       |    16 |    45 |       ||    61
         Animal skin       |       |       |       |    18 |   162 ||   180
  Dodge: Dodged            |    31 |   138 |   157 |   213 |   366 ||   905

Table legend: (Time is in decaauts)
 A = Elapsed time spent in this place.
 B = Non-inter-level travel time spent in this place.
 C = Inter-level travel time spent in this place.
 D = Time resting spent in this place.
 E = Time spent auto-exploring this place.
 F = Levels seen in this place.
 G = Mean time per level.
                   A        B        C        D        E       F      G
               +--------+--------+--------+--------+--------+-----+--------+
         Total |  23496 |  22549 |    947 |   4067 |  14391 |  21 | 1118.9 |
       Dungeon |  15257 |  14596 |    661 |   3023 |   8964 |  13 | 1173.6 |
        Temple |    108 |     66 |     42 |      0 |     64 |   1 |  108.0 |
          Lair |   5655 |   5495 |    160 |    597 |   3933 |   5 | 1131.0 |
  Orcish Mines |   2474 |   2392 |     82 |    447 |   1430 |   2 | 1237.0 |
               +--------+--------+--------+--------+--------+-----+--------+

Top non-repeatable levels by time:
     D:7: 2034 daAuts
    D:13: 1791 daAuts
    D:10: 1637 daAuts
   Orc:2: 1604 daAuts
  Lair:5: 1594 daAuts
    D:12: 1530 daAuts
  Lair:1: 1388 daAuts
    D:11: 1320 daAuts
  Lair:2: 1296 daAuts
     D:8: 1224 daAuts
     D:9: 1109 daAuts
     D:5: 879 daAuts
   Orc:1: 870 daAuts
  Lair:4: 859 daAuts
     D:3: 845 daAuts
